 Dungeon Crawl Stone Soup version 0.28-a0-1555-g9ae15a6949 (webtiles) character file.

Game seed: 11572535333767647933

235 mordus the Shield-Bearer (level 6, -3/47 HPs)
             Began as a Formicid Fighter on Jan 18, 2022.
             Slain by an iron imp (9 damage)
             ... on level 3 of the Dungeon.
             The game lasted 00:03:04 (2358 turns).

mordus the Shield-Bearer (Formicid Fighter)         Turns: 2358, Time: 00:03:05

Health: -3/47      AC:  9    Str: 22    XL:     6   Next: 27%
Magic:  6/6        EV:  7    Int:  8    God:
Gold:   45         SH:  5    Dex: 10    Spells: 5/5 levels left

rFire   . . .      SeeInvis +   f - +1 dagger (freeze)
rCold   . . .      Faith    .   c - +0 buckler
rNeg    . . .      Spirit   .   l - +0 chain mail
rPois   .          Reflect  .   (helmet unavailable)
rElec   .          Harm     .   (no cloak)
rCorr   .          Rampage  .   (no gloves)
Will    .....                   (no boots)
Stlth   ..........              (no amulet)
HPRegen 0.15/turn               (no ring)
MPRegen 0.10/turn               (no ring)

@: no status effects
A: permanent stasis, dig shafts and tunnels, antennae 3, four strong arms
a: Dig, Shaft Self


You were on level 3 of the Dungeon.
You visited 1 branch of the dungeon, and saw 3 of its levels.

You collected 45 gold pieces.

Inventory:

Hand Weapons
 a - a +0 long sword
 f - a +1 dagger of freezing (weapon)
Armour
 c - a +0 buckler (worn)
 l - a +0 chain mail (worn)
Jewellery
 b - a ring of protection from fire
Wands
 o - a wand of polymorph (4)
Scrolls
 g - a scroll of vulnerability {unknown}
 j - a scroll of amnesia {unknown}
 k - a scroll of blinking {unknown}
 n - a scroll of noise {unknown}
Potions
 d - 2 potions of might
 e - a potion of attraction {unknown}
 h - a potion of curing {unknown}
 i - a potion of resistance {unknown}
 m - a potion of flight {unknown}


   Skills:
 - Level 3.2 Fighting
 * Level 4.5 Long Blades
 + Level 4.5 Armour
 + Level 5.0 Shields


You had 5 spell levels left.
You didn't know any spells.
Your spell library was empty.

Dungeon Overview and Level Annotations

Branches:
Dungeon (3/15)

Altars:
Cheibriados


Innate Abilities, Weirdness & Mutations

You cannot be hasted, slowed, berserked, paralysed or teleported.
You can dig through walls and to a lower floor.
You have a pair of large antennae on your head. (SInv)
Your four strong arms can wield two-handed weapons with a shield.


Message History

The iron imp is heavily wounded.
The iron imp closely misses you. The hobgoblin barely misses you.
You hit the iron imp but do no damage.
The iron imp is heavily wounded.
The hobgoblin closely misses you.
You hit the iron imp but do no damage.
The iron imp is heavily wounded.
The iron imp hits you.
* * * LOW HITPOINT WARNING * * *
You hit the iron imp.
The iron imp is severely wounded.
You block the hobgoblin's attack. The iron imp hits you.
* * * LOW HITPOINT WARNING * * *
You hit the iron imp but do no damage.
The iron imp is heavily wounded.
The hobgoblin closely misses you.
The iron imp hits you but does no damage.
You barely miss the iron imp.
The iron imp is heavily wounded.
The hobgoblin barely misses you.
You hit the iron imp but do no damage.
The iron imp is heavily wounded.
The iron imp closely misses you.
The hobgoblin hits you but does no damage.
You hit the hobgoblin. You freeze the hobgoblin.
You kill the hobgoblin!
The iron imp hits you but does no damage.
You hit the iron imp but do no damage.
The iron imp is heavily wounded.
The iron imp hits you.
* * * LOW HITPOINT WARNING * * *
You barely miss the iron imp.
The iron imp is heavily wounded.
You barely miss the iron imp.
The iron imp is heavily wounded.
The iron imp barely misses you.
You hit the iron imp.
The iron imp is severely wounded.
The iron imp hits you!
You die...

....###### #.....####
#.....#######
#.....###...########
............#......#
............#......#
..._..5.....+......#
.......@....#......#....
............#......#....
#.....###..........+....
#.....###.....#'#+##....
#.....###.#####.#....#..
........#.# #.# #..#..
##......#.# #.###..#..
#....###.> #.........
##'#. ... ####.#....


You could see an iron imp.

Vanquished Creatures
  Sigmund (D:3)
  6 adders (D:2)
  A dart slug (D:1)
  A bat (D:2)
  2 endoplasms
  A giant cockroach (D:2)
  2 goblins (D:2)
  2 hobgoblins
  6 quokkas (D:2)
  A ball python (D:2)
  A frilled lizard (D:2)
  A kobold (D:2)
  A rat (D:2)
26 creatures vanquished.

Notes
Turn   | Place    | Note
-------+----------+-------------------------------------------
     0 | D:1      | mordus the Formicid Fighter began the quest for the Orb.
     0 | D:1      | Reached XP level 1. HP: 18/18 MP: 1/1
   117 | D:1      | Found a faded altar of an unknown god.
   208 | D:1      | You fall into a shaft and drop 1 floor!
   225 | D:2      | Reached XP level 2. HP: 23/24 MP: 2/2
   343 | D:2      | Reached XP level 3. HP: 8/29 MP: 3/3
   889 | D:2      | Reached skill level 4 in Shields
  1243 | D:2      | Reached XP level 4. HP: 27/35 MP: 4/4
  1953 | D:3      | Noticed Sigmund
  2233 | D:3      | Killed Sigmund
  2234 | D:3      | Reached skill level 5 in Shields
  2234 | D:3      | Reached XP level 5. HP: 37/41 MP: 5/5
  2234 | D:3      | Reached XP level 6. HP: 42/47 MP: 6/6
  2321 | D:3      | Found a snail-covered altar of Cheibriados.
  2358 | D:3      | Slain by an iron imp

Illustrated notes

Levels and vault maps discovered:
D:1:      dpeg_arrival_more_subterranean_lakeside_camping, layout_basic,
          basic_ecumenical_altar, serial_glass, glass_columns_a,
          glass_columns_c, feat_on_display
D:2:      layout_basic
D:3:      minmay_door_path, layout_basic, slow_altar_1, uniq_sigmund, uniq_ijyb

Skill      XL: |  1  2  3  4 |
---------------+-------------+-----
Shields        | 4 5 |  5.0
Long Blades    | 3 4 |  4.5
Armour         | 4 |  4.5
Fighting       | |  3.2

Action                   |  1- 3 |  4- 6 || total
-------------------------+-------+-------++-------
Melee: Long sword        |    44 |       ||    44
       Dagger            |    57 |    74 ||   131
Armor: Scale mail        |    45 |    14 ||    59
       Skin              |       |    11 ||    11
       Chain mail        |       |    16 ||    16
Dodge: Dodged            |    43 |    27 ||    70
Block: Buckler           |    27 |    20 ||    47

Table legend: (Time is in decaauts)
 A = Elapsed time spent in this place.
 B = Non-inter-level travel time spent in this place.
 C = Inter-level travel time spent in this place.
 D = Time resting spent in this place.
 E = Time spent auto-exploring this place.
 F = Levels seen in this place.
 G = Mean time per level.
                   A        B        C        D        E       F      G
               +--------+--------+--------+--------+--------+-----+--------+
         Total |   2364 |   2332 |     32 |    894 |   1094 |   3 |  788.0 |
       Dungeon |   2364 |   2332 |     32 |    894 |   1094 |   3 |  788.0 |
               +--------+--------+--------+--------+--------+-----+--------+

Top non-repeatable levels by time:
     D:2: 1821 daAuts
     D:3: 328 daAuts
     D:1: 214 daAuts
